 Dungeon Crawl Stone Soup version 0.21.1 (webtiles) character file.

1167 Inarius the Grappler (level 8, -7/65 (66) HPs)
             Began as a Ghoul Monk on Feb 3, 2018.
             Mangled by a mummy (10 damage)
             ... in an ossuary on Feb 4, 2018.
             The game lasted 00:11:55 (3194 turns).

Inarius the Grappler (Ghoul Monk)                   Turns: 3194, Time: 00:11:56

HP:   -7/65 (66)    AC:  9    Str: 17    XL:     8   Next: 40%
MP:   7/7           EV:  4    Int:  5    God:
Gold: 237           SH: 12    Dex: 11    Spells: 7/7 levels left

rFire    . . .     SeeInvis .     - Unarmed
rCold    + . .     Gourm    .   q - +0 large shield
rNeg     + + +     Faith    .   k - +0 chain mail
rPois    ∞         Spirit   .   (no helmet)
rElec    .         Reflect  .   (no cloak)
rCorr    .         Harm     .   (no gloves)
MR       .....                  (no boots)
Stlth    ..........             (no amulet)
HPRegen  0.00/turn              o - ring of stealth
MPRegen  0.10/turn              (no ring)

@: rotting, hasted, very quick
A: rotting body, claws 1, carnivore, cold resistance 1, negative energy
resistance 3, inhibited regeneration, torment resistance, unbreathing
a: no special abilities


You were in an ossuary.
You were not hungry.

You visited 1 branch of the dungeon, and saw 5 of its levels.
You also visited: Ossuary.

You collected 237 gold pieces.

Inventory:

Hand Weapons
 j - a +0 hunting sling
Missiles
 g - 4 javelins (quivered)
Armour
 k - a +0 chain mail (worn)
 q - a +0 large shield (worn)
Jewellery
 i - a cursed ring of loudness {unknown}
 o - a ring of stealth (left claw)
Wands
 r - a wand of random effects (35)
Scrolls
 d - 6 scrolls of identify {unknown}
 e - 3 scrolls of magic mapping {unknown}
 l - 2 scrolls of blinking {unknown}
 n - 2 scrolls of fear {unknown}
 p - a scroll of teleportation {unknown}
 u - a scroll of enchant weapon {unknown}
 v - a scroll of summoning {unknown}
 x - a scroll of amnesia {unknown}
Potions
 c - a potion of magic
 f - a potion of curing {unknown}
 h - a potion of cancellation
 m - 2 potions of lignification {unknown}
 s - a potion of agility {unknown}
 t - a potion of berserk rage {unknown}
 w - a potion of degeneration {unknown}
Comestibles
 b - 7 rations


   Skills:
 + Level 4.1 Fighting
 + Level 3.5 Armour
 + Level 3.8 Dodging
 + Level 3.4 Stealth
 + Level 2.5 Shields
 + Level 8.1 Unarmed Combat
 + Level 0.8 Evocations


You had 7 spell levels left.
You didn't know any spells.

Dungeon Overview and Level Annotations

Branches:
Dungeon (5/15)
 Temple: D:4-7

Altars:
Nemelex Xobeh
Wu Jian


Innate Abilities, Weirdness & Mutations

Your body is rotting away.
You thrive on raw meat.
You are immune to poison.
You have sharp fingernails.
You are carnivorous and can eat meat at any time.
Your flesh is cold resistant. (rC+)
You are immune to negative energy. (rN+++)
You do not regenerate when monsters are visible.
You are immune to unholy pain and torment.
You can survive without breathing.


Message History

The mummy is lightly damaged.
Your shield and chain mail prevent you from hitting the mummy.
The mummy is lightly damaged.
The mummy hits you.
* * * LOW HITPOINT WARNING * * *
You scratch the mummy.
The mummy is lightly damaged.
You scratch the mummy.
The mummy is moderately damaged.
Your shield and chain mail prevent you from hitting the mummy.
The mummy is moderately damaged.
You block the mummy's attack.
You barely miss the mummy.
The mummy is moderately damaged.
You closely miss the mummy.
The mummy is moderately damaged.
Your shield and chain mail prevent you from hitting the mummy.
The mummy is moderately damaged.
The mummy hits you!
You die...

# ## # ≈#≈##≈ ###≈#≈≈
########≈#≈≈#
#.#@#.#.#P≈.# ##
###'#M#'#.M.#≈#.≈####
#.'.......≈≈≈≈≈.≈.≈≈#
###.##'##'##'##≈≈≈≈##
#.'.#...#.#...# ≈.≈≈≈
###.#...###.∩.# ≈#≈#
#.'M#...# #∩..# ≈≈≈
###(#####'##### ≈≈
#.'.......... #


You could see a mummy.

Vanquished Creatures
  The ghost of shakethe the Pure, an amateur DsAK of Lugonu (D:4)
  Duvessa (D:4)
  A centaur (D:5)
  An ogre (D:5)
  Dowan (D:4)
  A scorpion (D:4)
  A centaur zombie (Ossuary)
  A crimson imp (D:5)
  2 bullfrog zombies (Ossuary)
  12 mummies (Ossuary)
  2 worker ants
  A killer bee zombie (Ossuary)
  5 hound zombies (Ossuary)
  A howler monkey zombie (Ossuary)
  4 gnolls (D:3)
  6 adders
  4 adder zombies (Ossuary)
  5 worms
  3 dart slugs
  A leopard gecko (D:1)
  An orc (D:4)
  5 bats
  3 giant cockroaches (D:1)
  5 goblins
  4 hobgoblins
  14 jackals
  4 kobolds
  A quokka (D:3)
  A ball python (D:2)
  8 frilled lizards
  2 jackal zombies (D:5)
  3 leopard gecko zombies (Ossuary)
  A quokka skeleton (D:5)
  8 rats
114 creatures vanquished.

Vanquished Creatures (others)
  A withered plant (Ossuary)
1 creature vanquished.

Grand Total: 115 creatures vanquished

Notes
Turn   | Place    | Note
-------+----------+-------------------------------------------
     0 | D:1      | Inarius the Ghoul Monk began the quest for the Orb.
     0 | D:1      | Reached XP level 1. HP: 19/19 MP: 0/0
    81 | D:1      | Reached XP level 2. HP: 14/25 MP: 1/1
   194 | D:1      | Reached XP level 3. HP: 24/31 MP: 2/2
   726 | D:2      | Reached skill level 4 in Unarmed Combat
   818 | D:2      | Reached XP level 4. HP: 37/40 MP: 3/3
  1353 | D:3      | Reached XP level 5. HP: 41/46 MP: 4/4
  1527 | D:3      | Reached skill level 5 in Unarmed Combat
  1533 | D:3      | Reached skill level 1 in Armour
  1996 | D:4      | Reached XP level 6. HP: 44/52 MP: 5/5
  2002 | D:4      | Noticed shakethe's ghost (amateur DsAK)
  2163 | D:4      | Found an ornate altar of the Wu Jian Council.
  2208 | D:4      | Noticed Duvessa
  2209 | D:4      | Noticed Dowan
  2228 | D:4      | Killed Duvessa
  2241 | D:4      | Killed Dowan
  2241 | D:4      | Reached skill level 6 in Unarmed Combat
  2507 | D:4      | Found a sparkling altar of Nemelex Xobeh.
  2636 | D:4      | Killed shakethe's ghost
  2636 | D:4      | Reached XP level 7. HP: 54/59 MP: 6/6
  2655 | D:5      | Entered Level 5 of the Dungeon
  2854 | D:5      | Reached skill level 1 in Shields
  2854 | D:5      | Reached skill level 7 in Unarmed Combat
  2896 | D:5      | Found a sand-covered staircase.
  2929 | Ossuary  | Entered an ossuary
  2976 | Ossuary  | Reached XP level 8. HP: 40/66 MP: 7/7
  3131 | Ossuary  | Reached skill level 8 in Unarmed Combat
  3188 | Ossuary  | HP: 3/65 [mummy (6)]
  3194 | Ossuary  | Mangled by a mummy

Skill      XL: |  1  2  3  4  5  6  7  8 |
---------------+-------------------------+-----
Dodging        | 3 |  3.8
Unarmed Combat | 4 5 6 7 8 |  8.1
Armour         | 1 2 3 |  3.5
Fighting       | 4 |  4.1
Stealth        | 3 |  3.4
Shields        | 1 2 |  2.5
Evocations     | |  0.8

Action                   |  1- 3 |  4- 6 |  7- 9 || total
-------------------------+-------+-------+-------++-------
Melee: Unarmed           |   118 |   154 |   133 ||   405
       Punch             |     1 |     2 |       ||     3
Throw: Javelin           |       |       |     3 ||     3
Evoke: Wand              |       |     8 |       ||     8
  Use: Potion            |       |     4 |     3 ||     7
 Stab: Sleeping          |     3 |       |       ||     3
  Eat: Chunk             |    13 |    11 |     2 ||    26
       Ration            |       |       |     1 ||     1
Armor: Robe              |    16 |       |       ||    16
       Chain mail        |       |    86 |    24 ||   110
Dodge: Dodged            |    84 |    52 |    10 ||   146
Block: Large shield      |       |    20 |    54 ||    74
